 Dungeon Crawl Stone Soup version 0.28-a0-384-g9e0c098162 (webtiles) character file.

Game seed: 2378821625165890027

105 freelancePsychic the Magician (level 5, 0/38 HPs)
             Began as a Djinni Fire Elementalist on Sept 2, 2021.
             Killed by their own static electricity (1 damage)
             ... on level 2 of the Dungeon.
             The game lasted 00:01:55 (1550 turns).

freelancePsychic the Magician (DjFE)                Turns: 1550, Time: 00:01:55

Health: 0/38       AC:  4    Str:  7    XL:     5   Next: 9%
Gold:   79         EV: 12    Int: 17    God:
                   SH:  0    Dex: 14

rFire   + + .      SeeInvis .   e - staff of poison
rCold   x . .      Faith    .   (no shield)
rNeg    . . .      Spirit   .   a - +0 robe
rPois   ∞          Reflect  .   i - +0 helmet
rElec   .          Harm     .   j - +0 cloak
rCorr   .          Rampage  .   (no gloves)
Will    .....                   (boots unavailable)
Stlth   ++........              (no amulet)
HPRegen 0.12/turn               (no ring)
MPRegen 0.00/turn               (no ring)

@: flying
A: sickness immunity, fire resistance 2, cold vulnerability 1, float, innate
caster, hp casting, extra vitality 1
a: no special abilities


You were on level 2 of the Dungeon.
You visited 1 branch of the dungeon, and saw 2 of its levels.

You collected 79 gold pieces.

Inventory:

Armour
 a - a +0 robe (worn)
 i - a +0 helmet (worn)
 j - a +0 cloak (worn)
Magical Staves
 e - a staff of poison (weapon)
Scrolls
 c - a scroll of teleportation {@r4}
 d - a scroll of noise {unknown}
 g - 2 scrolls of immolation
 k - a scroll of fog {unknown}
 l - a scroll of blinking {unknown}
Potions
 b - a potion of might {unknown}
 f - 2 potions of attraction {unknown}
 h - a potion of cancellation {unknown}


   Skills:
 + Level 2.2 Fighting
 - Level 2.1 Dodging
 - Level 1.5 Stealth
 * Level 3.7 Spellcasting


You couldn't memorise any spells.
You knew the following spells:

 Your Spells              Type           Power      Damage    Failure   Level
a - Foxfire               Conj/Fire      60%        2x1d7     3%          1
b - Scorch                Fire           30%        2d7       5%          2
c - Conjure Flame         Conj/Fire      15%        6-21      11%         3
d - Inner Flame           Hex/Fire       15%        N/A       11%         3
e - Sticky Flame          Conj/Fire      15%        2d4       34%         4
f - Fireball              Conj/Fire      7%         3d5       69%         5
g - Sting                 Tmut/Pois      92%        1d7       3%          1
h - Static Discharge      Conj/Air       15%        N/A       5%          2
Your spell library was empty.

Dungeon Overview and Level Annotations

Branches:
Dungeon (2/15)

Altars:


Innate Abilities, Weirdness & Mutations

You are immune to sickness and miasma.
You are immune to poison.
Your flesh is very heat resistant. (rF++)
You are vulnerable to cold. (rC-)
You float through the air rather than walking.
You learn spells naturally, not from books.
Your magical power is your life essence.
You have superior vitality. (+4 HP)


Message History

Casting: Foxfire (safe; 4% risk of failure)
Confirm with . or Enter, or press ? or * to list all spells.
You conjure some foxfire!
The foxfire hits the orc but does no damage.
The orc is heavily wounded.
The foxfire hits the orc but does no damage.
The orc is heavily wounded.
The orc closely misses you.
The hobgoblin hits you but does no damage.
Something hits you.
* * * LOW HITPOINT WARNING * * *
The foxfire hits something. x2
Reactivating autopickup.
You feel a bit more experienced.
You have reached level 5!
The power to cast Static Discharge wells up from within.
Spell assigned to 'h'.
Casting: Foxfire (safe; 3% risk of failure)
Confirm with . or Enter, or press ? or * to list all spells.
The hobgoblin is struck by an arc of lightning!
You kill the hobgoblin!
The lightning grounds out.
* * * LOW HITPOINT WARNING * * *
The orc closely misses you.
Casting: Static Discharge (safe; 5% risk of failure)
Confirm with . or Enter, or press ? or * to list all spells.
The orc is struck by an arc of lightning.
The orc is severely wounded.
You are struck by an arc of lightning.
* * * LOW HITPOINT WARNING * * *
The lightning grounds out.
* * * LOW HITPOINT WARNING * * *
The orc closely misses you.
Your magical contamination has completely faded away.
Casting: Static Discharge (safe; 5% risk of failure)
Confirm with . or Enter, or press ? or * to list all spells.
The orc is struck by an arc of lightning.
You kill the orc!
You are struck by an arc of lightning.
You die...

# #....####### . #.
#...........
..#'##########......#..#.
.........................
....................#..#.
#...)).........##......†.
#..............##########
#.....)[)......#
#.......@......#
...............#
##.............#
...............#
##.............#
#.............#
#.............#
###############


There were no monsters in sight!

Vanquished Creatures
  An orc priest (D:2)
  An orc wizard (D:2)
  2 adders (D:2)
  2 orcs (D:2)
  2 endoplasms
  2 giant cockroaches (D:2)
  4 goblins
  3 hobgoblins
  2 kobolds (D:2)
  2 quokkas (D:1)
  A ball python (D:2)
  3 bats (D:2)
  4 frilled lizards
  2 rats
31 creatures vanquished.

Vanquished Creatures (collateral kills)
  5 foxfires
5 creatures vanquished.

Vanquished Creatures (others)
  136 foxfires
136 creatures vanquished.

Grand Total: 172 creatures vanquished

Notes
Turn   | Place    | Note
-------+----------+-------------------------------------------
     0 | D:1      | freelancePsychic the Djinni Fire Elementalist began the
                  | quest for the Orb.
     0 | D:1      | Reached XP level 1. HP: 15/15 MP: 0/0
   346 | D:1      | Reached XP level 2. HP: 19/22 MP: 0/0
   858 | D:2      | Reached skill level 1 in Fighting
  1012 | D:2      | Reached skill level 3 in Spellcasting
  1012 | D:2      | Reached XP level 3. HP: 24/27 MP: 0/0
  1012 | D:2      | Learned a level 1 spell: Sting
  1206 | D:2      | Found a faded altar of an unknown god.
  1536 | D:2      | Reached XP level 4. HP: 27/33 MP: 0/0
  1548 | D:2      | Reached XP level 5. HP: 10/38 MP: 0/0
  1548 | D:2      | Learned a level 2 spell: Static Discharge
  1550 | D:2      | Killed from afar by themself

Illustrated notes

Levels and vault maps discovered:
D:1:      evilmike_arrival_hilbert_curve, layout_rooms, serial_bayou_lake_a
D:2:      layout_basic, shapermc_ecumenical_altar_acropolis,
          columned_hall_lemuel

Skill      XL: |  1  2  3 |
---------------+----------+-----
Fighting       | 1 2 |  2.2
Spellcasting   | 3 |  3.7
Dodging        | |  2.1
Stealth        | |  1.5

Action                   |  1- 3 |  4- 6 || total
-------------------------+-------+-------++-------
Melee: Unarmed           |     1 |       ||     1
       Staff             |     7 |       ||     7
 Cast: Foxfire           |    70 |     9 ||    79
       Static Discharge  |       |     2 ||     2
  Use: Scroll            |     3 |       ||     3
 Stab: Sleeping          |     3 |       ||     3
Armor: Robe              |     4 |     3 ||     7
Dodge: Dodged            |     5 |     4 ||     9

Table legend: (Time is in decaauts)
 A = Elapsed time spent in this place.
 B = Non-inter-level travel time spent in this place.
 C = Inter-level travel time spent in this place.
 D = Time resting spent in this place.
 E = Time spent auto-exploring this place.
 F = Levels seen in this place.
 G = Mean time per level.
                   A        B        C        D        E       F      G
               +--------+--------+--------+--------+--------+-----+--------+
         Total |   1550 |   1534 |     16 |      0 |   1341 |   2 |  775.0 |
       Dungeon |   1550 |   1534 |     16 |      0 |   1341 |   2 |  775.0 |
               +--------+--------+--------+--------+--------+-----+--------+

Top non-repeatable levels by time:
     D:1: 792 daAuts
     D:2: 758 daAuts
